 Dungeon Crawl Stone Soup version 0.31-a0-202-g547052bce9 (webtiles) character file.

Game seed: 15122261905743991175

176 qw the Skirmisher (level 5, 0/29 HPs)
             Began as a Deep Elf Hunter on June 26, 2023.
             Slain by an adder (2 damage)
             ... in a sewer.
             The game lasted 00:01:01 (1802 turns).

qw the Skirmisher (Deep Elf Hunter)                 Turns: 1802, Time: 00:01:01

Health: 0/29       AC:  4    Str: 10    XL:     5   Next: 30%
Magic:  7/7        EV: 12    Int: 14    God:
Gold:   86         SH:  0    Dex: 18    Spells: 4/4 levels left

rFire   . . .        Y - +0 shortbow
rCold   . . .        (shield currently unavailable)
rNeg    . . .        c - +0 leather armour
rPois   .            (no helmet)
rElec   .            (no cloak)
rCorr   .            (no gloves)
SInv    .            i - +0 pair of boots
Will    .....        (no amulet)
Stlth   +++          (no ring)
HPRegen 0.24/turn    (no ring)
MPRegen 0.10/turn

%: no passive effects
@: lethally poisoned (0 -> -9)
A: thin skeletal structure 1, clumsy 1
a: no special abilities


You were in a sewer.
You visited 1 branch of the dungeon, and saw 3 of its levels.
You also visited: Sewer.

You collected 86 gold pieces.


Innate Abilities, Weirdness & Mutations

You have a somewhat thin skeletal structure. (Dex +2, Stealth+)
You are clumsy. (Dex -2)


   Skills:
 - Level 1.5 Fighting
 + Level 8.8 Ranged Weapons
 - Level 2.4 Dodging
 - Level 1.2 Stealth


You had 4 spell levels left.
You didn't know any spells.
Your spell library was empty.

Inventory:

Hand Weapons
 Y - a +0 shortbow (weapon)
Armour
 c - a +0 leather armour (worn)
 i - a +0 pair of boots (worn)
Potions
 a - 4 potions of enlightenment
 d - a potion of berserk rage {unknown}
 f - a potion of brilliance {unknown}
 g - a potion of might {unknown}
 j - 2 potions of mutation
 k - a potion of lignification {unknown}
 m - 3 potions of resistance {unknown}

Dungeon Overview and Level Annotations

Branches:
Dungeon (3/15)              Sewer (1/1)

Altars:


Message History

You now have 77 gold pieces (gained 8).
You now have 86 gold pieces (gained 9).
There is a large open door here.
Found two gates leading back out of this place.
You open the large door. 2 adders come into view.
You shoot an arrow. The arrow hits the adder.
The adder is severely wounded.
You hear an angry hiss.
The adder hisses angrily.
An adder comes into view.
The adder bites you.
You are poisoned.
The adder poisons you!
The adder moves out of view.
You shoot an arrow. The arrow hits the adder.
The adder is severely wounded.
You feel sick. The adder bites you.
You are more poisoned.
The adder poisons you! The adder closely misses you.
You shoot an arrow. The arrow closely misses the adder.
You feel sick. The adder bites you. The adder barely misses you. x2
You shoot an arrow. The arrow hits the adder.
You kill the adder!
You feel sick. The adder bites you.
You are more poisoned.
The adder poisons you! The adder bites you.
You are lethally poisoned!
The adder poisons you! The adder bites you.
You shoot an arrow.
The arrow hits the adder but does no damage.
You feel very sick. The adder barely misses you. x2
You shoot an arrow. The arrow hits the adder.
The adder is moderately wounded.
You feel very sick. The adder barely misses you.
The adder bites you but does no damage.
You shoot an arrow. The arrow hits the adder.
The adder is heavily wounded.
You feel very sick. The adder bites you.
You die...

###..####.~.#
#!#..#.##.~~#
#.'..'.##~~%#
#.'..'.##~~.#
#!#..#.##~~~#
###..####~~~#
#..# #~~~#
#..# #~~~#
#.@# #~~~#
+.SS.##~~~#
+..'.##.~~#
#..#.##~~~#
#..####.~~#
#..# #~~.#
#\\# #~~.#
#### #~~~#
#.~.#


You could see 2 adders.

Vanquished Creatures
  9 adders
  2 worms
  3 dart slugs
  7 ball pythons
  9 endoplasms
  8 giant cockroaches
  6 goblins
  3 hobgoblins
  3 jackals
  3 kobolds
  6 quokkas
  9 bats
  6 frilled lizards
  7 rats
81 creatures vanquished.

Notes
Turn   | Place    | Note
-------+----------+-------------------------------------------
     0 | D:1      | qw the Deep Elf Hunter began the quest for the Orb.
     0 | D:1      | Reached XP level 1. HP: 12/12 MP: 3/3
     0 | D:1      | 0 ||| qw: Version: 0.3-a-22-g0ed2b0b
     0 | D:1      | 0 ||| qw: Game counter: 6098
     0 | D:1      | 0 ||| qw: Melee chars always use a shield: true
     0 | D:1      | 0 ||| qw: God list: Okawaru
     0 | D:1      | 0 ||| qw: Allow faded altars: false
     0 | D:1      | 0 ||| qw: Do Orc after clearing Dungeon:15 true
     0 | D:1      | 0 ||| qw: Do second Lair branch before Depths: true
     0 | D:1      | 0 ||| qw: Lair rune preference: random
     0 | D:1      | 0 ||| qw: Goals: Normal
     0 | D:1      | 0 ||| PLANNING D:1-11
    83 | D:1      | Reached skill level 6 in Ranged Weapons
    83 | D:1      | Reached XP level 2. HP: 16/16 MP: 4/4
   282 | D:1      | Reached XP level 3. HP: 20/20 MP: 5/5
   517 | D:1      | 517 ||| UPGRADING to +0 pair of boots.
   522 | D:1      | 522 ||| READING scroll labelled PIFUUWKA WEILU.
   523 | D:1      | 523 ||| READING scroll labelled ESAOPH XEET.
   560 | D:1      | 560 ||| READING 3 scrolls labelled MOHEMI WYOVU.
   561 | D:1      | 561 ||| DRINKING 2 metallic black potions.
   561 | D:1      | Gained mutation: You are clumsy. (Dex -2) [potion of
                  | mutation]
   561 | D:1      | Gained mutation: You have a somewhat thin skeletal
                  | structure. (Dex +2, Stealth+) [potion of mutation]
   562 | D:1      | 562 ||| DROPPING scroll of butterflies.
   563 | D:1      | 563 ||| DROPPING 2 scrolls of summoning.
   618 | D:2      | Reached skill level 7 in Ranged Weapons
   741 | D:2      | Reached XP level 4. HP: 25/25 MP: 6/6
   850 | D:2      | 850 ||| FLEEEEING.
   851 | D:2      | 851 ||| FLEEEEING.
  1002 | D:2      | Reached skill level 8 in Ranged Weapons
  1397 | D:2      | 1397 ||| READING scroll labelled EZITYCK KURIU.
  1398 | D:2      | 1398 ||| READING scroll labelled TOMIEREINYU.
  1399 | D:2      | 1399 ||| DRINKING 2 golden potions.
  1400 | D:2      | 1400 ||| DROPPING potion of attraction.
  1448 | D:3      | 1448 ||| PLANNING SEWER
  1452 | D:3      | Found a glowing drain.
  1490 | D:3      | HP: 6/25 [quokka (1)]
  1493 | D:3      | Reached XP level 5. HP: 8/29 MP: 7/7
  1497 | D:3      | HP: 6/29 [quokka (3)]
  1595 | Sewer    | Entered a sewer
  1617 | Sewer    | 1617 ||| Stepping ~*~*~tactically~*~*~ (water).
  1619 | Sewer    | 1619 ||| Stepping ~*~*~tactically~*~*~ (water).
  1621 | Sewer    | 1621 ||| Stepping ~*~*~tactically~*~*~ (water).
  1623 | Sewer    | 1623 ||| Stepping ~*~*~tactically~*~*~ (water).
  1625 | Sewer    | 1625 ||| Stepping ~*~*~tactically~*~*~ (water).
  1627 | Sewer    | 1627 ||| Stepping ~*~*~tactically~*~*~ (water).
  1645 | Sewer    | 1645 ||| Stepping ~*~*~tactically~*~*~ (water).
  1654 | Sewer    | 1654 ||| Stepping ~*~*~tactically~*~*~ (water).
  1693 | Sewer    | 1693 ||| Stepping ~*~*~tactically~*~*~ (water).
  1695 | Sewer    | 1695 ||| Stepping ~*~*~tactically~*~*~ (water).
  1697 | Sewer    | 1697 ||| Stepping ~*~*~tactically~*~*~ (water).
  1699 | Sewer    | 1699 ||| Stepping ~*~*~tactically~*~*~ (water).
  1701 | Sewer    | 1701 ||| Stepping ~*~*~tactically~*~*~ (water).
  1800 | Sewer    | HP: 7/29 [poisoned by an adder]
  1802 | Sewer    | HP: 2/29 [poisoned by an adder]
  1802 | Sewer    | Slain by an adder

Levels and vault maps discovered:
D:1:      dpeg_arrival_round_a, layout_rooms, amcnicky_mini_rare_corridor_liquid
D:2:      layout_loops_ring, minmay_surrounded
D:3:      layout_basic, gup_sewer_entry_glass,
          shapermc_ecumenical_altar_starsandcircs, minmay_tree_intersection,
          nicolae_figureground_pulse, uniq_grinder
Sewer:    sewer_fruit_machine

Skill      XL: |  1  2  3  4 |
---------------+-------------+-----
Ranged Weapons | 6 7 8 |  8.8
Fighting       | |  1.5
Dodging        | |  2.4
Stealth        | |  1.2

Action                     |  1- 3 |  4- 6 || total
---------------------------+-------+-------++-------
   Fire: Shortbow          |   117 |   136 ||   253
    Use: Scroll            |     3 |     2 ||     5
         Potion            |     1 |     1 ||     2
 Armour: Leather armour    |    16 |    34 ||    50
  Dodge: Dodged            |    34 |    56 ||    90

Table legend:
 A = Non-vault XP
 B = Vault XP
 C = Vault XP percentage of total XP
 D = Non-vault monster count
 E = Vault monster count
 F = Vault count percentage of total count
                 A         B        C        D         E       F
            +---------+---------+-------+---------+---------+-------
      Total |     152 |     100 |  39.7 |      59 |      22 |  27.2
            +---------+---------+-------+---------+---------+-------
        D:1 |      57 |       0 |   0.0 |      31 |       0 |   0.0
        D:2 |      91 |      23 |  20.2 |      26 |       5 |  16.1
        D:3 |       4 |      32 |  88.9 |       2 |       5 |  71.4
      Sewer |       0 |      45 | 100.0 |       0 |      12 | 100.0
            +---------+---------+-------+---------+---------+-------
